 Dungeon Crawl Stone Soup version 0.16.0-16-g311141a (webtiles) character file.

1813 HungrySpirit the Grappler (level 8, 0/80 HPs)
             Began as a Troll Monk on Mar 19, 2015.
             Succumbed to a killer bee's poison
             ... on level 7 of the Dungeon.
             The game lasted 00:09:12 (4943 turns).

HungrySpirit the Grappler (Troll Monk)              Turns: 4943, Time: 00:09:13

Health: 0/80       AC:  5    Str: 21    XL:     8   Next: 84%
Magic:  3/3        EV: 10    Int:  6    God:
Gold:   302        SH:  0    Dex: 13    Spells: 0 memorised, 7 levels left

rFire  . . .     SeeInvis .       - Unarmed
rCold  . . .     Clarity  .     a - +0 robe
rNeg   . . .     SustAb   .     (shield restricted)
rPois  .         Gourm    +     (helmet restricted)
rElec  .         Spirit   .     (no cloak)
rCorr  .         Warding  .     (gloves unavailable)
rMut   .         Stasis   .     (boots unavailable)
MR     .....                    (no amulet)
Stlth  +.........               t - +4 ring of slaying
                                s - -2 ring of evasion (curse)

@: lethally poisoned (0 -> -1), not resistant to hostile enchantments, very
unstealthy
A: unfitting armour, claws 3, fast metabolism 3, gourmand, regeneration 2,
shaggy fur 1, tough skin 2
a: no special abilities


You were on level 7 of the Dungeon.
You were very full.

You visited 1 branch of the dungeon, and saw 7 of its levels.

You collected 302 gold pieces.

Inventory:

Armour
 a - a +0 robe (worn)
Jewellery
 d - an uncursed amulet of clarity
 s - a cursed -2 ring of evasion (left claw)
 t - a +4 ring of slaying (right claw)
 u - an uncursed amulet of rage
Magical devices
 v - a wand of fireball (3)
 w - a wand of heal wounds (4)
 D - a wand of magic darts (25)
Scrolls
 c - 3 scrolls of identify {unknown}
 e - 4 scrolls of blinking {unknown}
 h - 3 scrolls of remove curse {unknown}
 i - a scroll of magic mapping {unknown}
 k - 2 scrolls of noise {unknown}
 l - 2 scrolls of enchant armour {unknown}
 o - 2 scrolls of recharging {unknown}
 y - a scroll of fog {unknown}
 B - 2 scrolls of fear {unknown}
 C - a scroll of silence {unknown}
Potions
 f - a potion of poison {unknown}
 g - 7 potions of curing {unknown}
 n - 2 potions of cure mutation {unknown}
 p - a potion of heal wounds {unknown}
 q - 3 potions of might {unknown}
 r - 3 potions of haste {unknown}
 x - a potion of lignification {unknown}
 A - a potion of restore abilities {unknown}
 E - a potion of brilliance {unknown}
Comestibles
 b - 8 meat rations
 j - a slice of pizza
 m - a beef jerky
 z - 3 bread rations


   Skills:
 + Level 5.3 Fighting
 + Level 5.4 Dodging
 - Level 1.1 Stealth
 * Level 9.1 Unarmed Combat


You had 7 spell levels left.
You didn't know any spells.

Dungeon Overview and Level Annotations

Branches:
Dungeon (7/15)
 Temple: D:4-7

Altars:
Dithmenos
Elyvilon
Kikubaaqudgha
Qazlal
Trog
Vehumet

Shops:
D:6 !


Innate Abilities, Weirdness & Mutations

You are too large for most types of armour.
You have claws for hands.
Your metabolism is lightning-fast.
You like to eat raw meat.
You heal very quickly.
You are covered in fur (AC +1).
You have very tough skin (AC +2).


Message History

You feel sick.
* * * LOW HITPOINT WARNING * * *
You feel sick.
* * * LOW HITPOINT WARNING * * *
You feel sick.
* * * LOW HITPOINT WARNING * * *
You feel sick.
* * * LOW HITPOINT WARNING * * *
You feel sick.
* * * LOW HITPOINT WARNING * * *
You feel sick.
* * * LOW HITPOINT WARNING * * *
You feel sick.
* * * LOW HITPOINT WARNING * * *
You feel sick.
Put on which piece of jewellery? (? for menu, Esc to quit)
Okay, then.
Put on which piece of jewellery? (? for menu, Esc to quit)
You remove your amulet of clarity.
You die...

############+##+#######+###
...........................
.......................>....
................@...........
+##'##...######†#####..).#+#
.....#...+.+....+ ...+
###..+...#.##'### ..#
..#..#..<#.##.#####.## ...
..+..#...#.##........+ .
..#..+...'.'.........#
..####...####.##+##+#
#...###....##.#


There were no monsters in sight!

Vanquished Creatures
  Eustachio (D:4)
  An ice beast (D:5)
  An orc warrior (D:5)
  2 ogres
  A sky beast (D:6)
  A centaur (D:6)
  2 giant frogs (D:6)
  4 killer bees (D:7)
  A giant frog zombie (D:4)
  A jelly (D:6)
  2 crimson imps
  3 giant frog skeletons
  A hound (D:5)
  A centaur skeleton (D:4)
  3 orc priests
  6 worker ants
  4 iguanas
  3 orc wizards
  A worker ant zombie (D:5)
  Robin (D:4)
  4 adders
  3 gnolls (D:2)
  A shadow imp (D:7)
  4 worms
  An adder zombie (D:4)
  4 giant geckos
  16 orcs
  10 bats
  2 bat skeletons
  A bat zombie (D:5)
  4 giant cockroaches
  22 goblins
  13 hobgoblins
  6 jackals
  2 quokkas
  8 giant newts
  8 kobolds
  13 rats
162 creatures vanquished.

Notes
Turn   | Place    | Note
--------------------------------------------------------------
     0 | D:1      | HungrySpirit, the Troll Monk, began the quest for the Orb.
     0 | D:1      | Reached XP level 1. HP: 22/22 MP: 1/1
   169 | D:1      | Reached XP level 2. HP: 29/29 MP: 1/1
   776 | D:2      | Reached XP level 3. HP: 36/36 MP: 2/2
   982 | D:2      | Found an ancient bone altar of Kikubaaqudgha.
   982 | D:2      | Found a white marble altar of Elyvilon.
  1123 | D:2      | Reached XP level 4. HP: 44/44 MP: 2/2
  1229 | D:2      | Reached skill level 5 in Unarmed Combat
  1983 | D:4      | Reached XP level 5. HP: 37/53 MP: 2/2
  2107 | D:4      | Found a shadowy altar of Dithmenos.
  2180 | D:4      | Noticed Eustachio
  2194 | D:4      | Killed Eustachio
  2194 | D:4      | Reached skill level 6 in Unarmed Combat
  2194 | D:4      | Reached XP level 6. HP: 52/61 MP: 3/3
  2556 | D:4      | Found a stormy altar of Qazlal.
  2613 | D:4      | Reached XP level 7. HP: 68/68 MP: 3/3
  2648 | D:4      | Noticed Robin
  2665 | D:4      | Killed Robin
  2870 | D:4      | Reached skill level 7 in Unarmed Combat
  3042 | D:5      | Entered Level 5 of the Dungeon
  3217 | D:5      | Reached XP level 8. HP: 79/79 MP: 3/3
  3373 | D:5      | Reached skill level 8 in Unarmed Combat
  3509 | D:5      | Found a radiant altar of Vehumet.
  3858 | D:6      | Found a bloodstained altar of Trog.
  3931 | D:6      | Found Pnaisupn's Distillery.
  3941 | D:6      | Reached skill level 5 in Dodging
  4210 | D:6      | Reached skill level 5 in Fighting
  4913 | D:7      | Reached skill level 9 in Unarmed Combat
  4935 | D:7      | HP: 3/80 [poisoned by a killer bee]
  4940 | D:7      | HP: 2/80 [poisoned by a killer bee]
  4943 | D:7      | Succumbed to a killer bee's poison

Action                   |  1- 3 |  4- 6 |  7- 9 || total
-------------------------+-------+-------+-------++-------
Melee: Unarmed           |    63 |   128 |   138 ||   329
 Stab: Distracted        |     1 |       |       ||     1
       Sleeping          |       |     1 |       ||     1
  Eat: Chunk             |    14 |    15 |    20 ||    49
